 Dungeon Crawl Stone Soup version 0.29.0-4-gdea44cf6ec (webtiles) character file.

Game seed: 9569883222773789326

149 qw the Chopper (level 5, 0/30 HPs)
             Began as a Tengu Warper on Aug 28, 2022.
             Slain by an orc wizard
             ... wielding a +0 dagger
              (1 damage)
             ... on level 4 of the Dungeon.
             The game lasted 00:00:17 (2771 turns).

qw the Chopper (Tengu Warper)                       Turns: 2771, Time: 00:00:18

Health: 0/30       AC:  8    Str: 14      XL:     5   Next: 31%
Magic:  9/9        EV:  7    Int: 13      God:
Gold:   163        SH:  0    Dex: 11 (13) Spells: 8/8 levels left

rFire   . . .      SeeInvis .   Y - +1 hand axe
rCold   . . .      Faith    .   (no shield)
rNeg    . . .      Spirit   .   o - +0 chain mail
rPois   .          Reflect  .   (helmet restricted)
rElec   .          Harm     .   (no cloak)
rCorr   .          Rampage  .   (no gloves)
Will    .....                   (boots unavailable)
Stlth   ..........              (no amulet)
HPRegen 0.10/turn               (no ring)
MPRegen 0.11/turn               (no ring)

@: flying quickly and evasively, quick
A: beak, talons 3, nimble flight
a: no special abilities


You were on level 4 of the Dungeon.
You visited 1 branch of the dungeon, and saw 4 of its levels.

You collected 163 gold pieces.


Innate Abilities, Weirdness & Mutations

You have a beak for a mouth.
You have claws for feet.
Your magical nature lets you fly swiftly and evasively.


   Skills:
 - Level 2.0 Fighting
 + Level 5.9 Axes
 - Level 1.0 Throwing
 - Level 1.1 Armour
 - Level 2.1 Dodging
 - Level 2.0 Spellcasting
 - Level 2.4 Translocations


You had 8 spell levels left.
You didn't know any spells.
Your spell library contained the following spells:

 Spells                   Type           Power      Damage    Failure   Level
 Blink                    Tloc           14%        N/A       99%         2
 Gell's Gravitas          Tloc           7%         N/A       100%        3
 Lesser Beckoning         Tloc           7%         N/A       100%        3
 Teleport Other           Tloc           7%         N/A       100%        3
 Manifold Assault         Tloc           7%         N/A       100%        5

Inventory:

Hand Weapons
 g - a +0 mace
 Y - a +1 hand axe (weapon)
Missiles
 k - a silver boomerang (quivered)
Armour
 o - a +0 chain mail (worn)
 r - a +2 ring mail of fire resistance
Scrolls
 b - a scroll of identify
Potions
 c - a potion of might
 f - 2 potions of mutation
 h - a potion of curing {unknown}
 i - a potion of cancellation
 n - a potion of berserk rage {unknown}
 p - a potion of haste
 q - a potion of heal wounds {unknown}

Dungeon Overview and Level Annotations

Branches:
Dungeon (4/15)
 Temple: D:4-7

Altars:
Sif Muna
Vehumet


Message History

The orc wizard points at you and mumbles some strange words.
The puff of flame hits you.
You hit the orc wizard. Your kick misses the orc wizard.
The orc wizard is lightly wounded.
You hit the orc wizard.
You are engulfed in a cloud of scalding steam.
The orc wizard hits you but does no damage. x2
You closely miss the orc wizard.
You peck the orc wizard, but do no damage.
The orc wizard is moderately wounded.
You barely miss the orc wizard.
You are engulfed in a cloud of scalding steam.
The orc wizard hits you but does no damage.
The orc wizard completely misses you.
You closely miss the orc wizard.
The orc wizard is moderately wounded.
You hit the orc wizard but do no damage.
The orc wizard barely misses you.
The orc wizard gestures at you while chanting.
The magic dart hits you.
You hit the orc wizard but do no damage.
You claw the orc wizard.
The orc wizard is heavily wounded.
You miss the orc wizard.
The orc wizard gestures at you while chanting.
You resist with some effort.
The orc wizard mumbles some strange words.
The orc wizard flickers and vanishes!
Deactivating autopickup; reactivate with Ctrl-A.
You barely miss the orc wizard.
The orc wizard is lightly wounded.
You closely miss something. Something hits you.
The orc wizard hits you with a +0 dagger.
You barely miss the orc wizard.
The orc wizard is lightly wounded.
You closely miss something.
The orc wizard hits you but does no damage.
Something hits you.
You die...

#####
#o{.#
#~@~#
#...#
#...#
###'###
####.8.8.#
#..#.._..#
#.###...##
#.# ##.##
#.# #.#


You could see an orc wizard.

Vanquished Creatures
  2 orc wizards (D:3)
  3 adders (D:2)
  A worm (D:2)
  2 dart slugs
  5 orcs (D:3)
  4 ball pythons
  4 endoplasms
  2 giant cockroaches
  2 goblins
  4 hobgoblins
  3 quokkas
  9 bats
  7 frilled lizards
  8 kobolds
  6 rats
62 creatures vanquished.

Notes
Turn   | Place    | Note
-------+----------+-------------------------------------------
     0 | D:1      | qw the Tengu Warper began the quest for the Orb.
     0 | D:1      | Reached XP level 1. HP: 12/12 MP: 4/4
     0 | D:1      | 0 ||| qw: Version: 0.1-a-89-g26bdef1
     0 | D:1      | 0 ||| qw: Game counter: 201
     0 | D:1      | 0 ||| qw: Always use a shield: true
     0 | D:1      | 0 ||| qw: God list: Okawaru
     0 | D:1      | 0 ||| qw: Allow faded altars: false
     0 | D:1      | 0 ||| qw: Do Orc after D:15 true
     0 | D:1      | 0 ||| qw: Do second Lair branch before Depths: true
     0 | D:1      | 0 ||| qw: Lair rune preference: random
     0 | D:1      | 0 ||| qw: Plans: Normal
     0 | D:1      | 0 ||| PLANNING D:1-11
   131 | D:1      | 131 ||| Stepping ~*~*~tactically~*~*~ (stealth).
   144 | D:1      | Reached skill level 3 in Axes
   144 | D:1      | Reached XP level 2. HP: 16/17 MP: 6/6
   327 | D:1      | 327 ||| Stepping ~*~*~tactically~*~*~ (hiding).
   429 | D:1      | 429 ||| Stepping ~*~*~tactically~*~*~ (hiding).
   430 | D:1      | 430 ||| Stepping ~*~*~tactically~*~*~ (hiding).
   608 | D:1      | 608 ||| UPGRADING to +0 ring mail.
   618 | D:1      | 618 ||| DROPPING +0 leather armour.
   619 | D:1      | 619 ||| READING scroll labelled SUUHINT EDOTH.
   620 | D:1      | 620 ||| READING scroll labelled AFADWEMPEE.
   621 | D:1      | 621 ||| READING 3 scrolls labelled BESMUI IDDAD.
   622 | D:1      | 622 ||| DROPPING scroll of blinking.
   623 | D:1      | 623 ||| DROPPING 2 scrolls of vulnerability.
   664 | D:2      | Reached XP level 3. HP: 18/21 MP: 7/7
   923 | D:2      | Reached skill level 4 in Axes
  1072 | D:2      | 1072 ||| Stepping ~*~*~tactically~*~*~ (hiding).
  1073 | D:2      | 1073 ||| Stepping ~*~*~tactically~*~*~ (hiding).
  1076 | D:2      | 1076 ||| Stepping ~*~*~tactically~*~*~ (hiding).
  1077 | D:2      | 1077 ||| Stepping ~*~*~tactically~*~*~ (hiding).
  1409 | D:2      | Reached XP level 4. HP: 26/26 MP: 8/8
  1582 | D:2      | 1582 ||| READING scroll labelled UCU QYTUIN HIMEA.
  1583 | D:2      | 1583 ||| DRINKING 2 red potions.
  1584 | D:2      | 1584 ||| DRINKING 2 fizzy coppery potions.
  1584 | D:2      | Gained mutation: You are robust. (+10% HP) [potion of
                  | mutation]
  1584 | D:2      | Lost mutation: You are robust. (+10% HP) [potion of
                  | mutation]
  1585 | D:2      | 1585 ||| DRINKING 2 golden potions.
  1586 | D:2      | 1586 ||| DROPPING potion of degeneration.
  1638 | D:3      | Found a faded altar of an unknown god.
  1640 | D:3      | 1640 ||| Stepping ~*~*~tactically~*~*~ (stealth).
  1643 | D:3      | 1643 ||| Stepping ~*~*~tactically~*~*~ (hiding).
  1645 | D:3      | 1645 ||| Stepping ~*~*~tactically~*~*~ (hiding).
  1663 | D:3      | Reached skill level 5 in Axes
  1897 | D:3      | 1897 ||| DROPPING +0 club.
  1967 | D:3      | 1967 ||| Stepping ~*~*~tactically~*~*~ (stealth).
  1969 | D:3      | 1969 ||| Stepping ~*~*~tactically~*~*~ (hiding).
  1992 | D:3      | Gained mutation: Your magical nature lets you fly swiftly
                  | and evasively. [Tengu growth]
  1992 | D:3      | Reached XP level 5. HP: 28/30 MP: 9/9
  2028 | D:3      | 2028 ||| FLEEEEING.
  2029 | D:3      | 2029 ||| FLEEEEING.
  2035 | D:3      | 2035 ||| FLEEEEING.
  2036 | D:3      | 2036 ||| FLEEEEING.
  2051 | D:3      | 2051 ||| FLEEEEING.
  2052 | D:3      | 2052 ||| FLEEEEING.
  2053 | D:3      | 2053 ||| FLEEEEING.
  2054 | D:3      | 2054 ||| FLEEEEING.
  2055 | D:3      | 2055 ||| FLEEEEING.
  2056 | D:3      | 2056 ||| FLEEEEING.
  2057 | D:3      | 2057 ||| FLEEEEING.
  2058 | D:3      | 2058 ||| FLEEEEING.
  2059 | D:3      | 2059 ||| FLEEEEING.
  2061 | D:3      | 2061 ||| FLEEEEING.
  2062 | D:3      | 2062 ||| FLEEEEING.
  2063 | D:3      | 2063 ||| FLEEEEING.
  2064 | D:3      | 2064 ||| FLEEEEING.
  2066 | D:3      | 2066 ||| FLEEEEING.
  2067 | D:3      | 2067 ||| FLEEEEING.
  2068 | D:3      | 2068 ||| FLEEEEING.
  2131 | D:3      | Found a radiant altar of Vehumet.
  2638 | D:3      | 2638 ||| UPGRADING to +0 chain mail.
  2648 | D:3      | 2648 ||| DROPPING +0 ring mail.
  2649 | D:3      | 2649 ||| READING scroll labelled DIUPNYOHEU.
  2650 | D:3      | 2650 ||| READING scroll labelled HAXU ESOMISIORPH.
  2651 | D:3      | 2651 ||| READING scroll labelled HOUWILIACW.
  2654 | D:3      | 2654 ||| DRINKING 2 viscous clear potions.
  2655 | D:3      | 2655 ||| DRINKING 2 fuming silvery potions.
  2699 | D:3      | 2699 ||| DRINKING 2 ruby potions.
  2700 | D:3      | 2700 ||| READING 2 scrolls of identify.
  2700 | D:3      | 2700 ||| IDENTIFYING fizzy green potion
  2701 | D:3      | 2701 ||| DROPPING potion of ambrosia.
  2702 | D:3      | 2702 ||| DROPPING potion of lignification.
  2752 | D:4      | Found a shimmering blue altar of Sif Muna.
  2766 | D:4      | HP: 7/30 [orc wizard] (12)]
  2768 | D:4      | HP: 3/30 [orc wizard/magic dart (5)]
  2770 | D:4      | HP: 1/30 [orc wizard/+0 dagger (1)]
  2771 | D:4      | Slain by an orc wizard

Levels and vault maps discovered:
D:1:      minmay_arrival_cross, layout_rooms
D:2:      minmay_chambers_of_ones, layout_basic
D:3:      layout_basic, nicolae_vehumet_altar_sigil, basic_ecumenical_altar
D:4:      layout_loops_ring, led_sif_book, uniq_robin

Skill      XL: |  1  2  3  4 |
---------------+-------------+-----
Axes           | 3 4 5 |  5.9
Fighting       | |  2.0
Throwing       | |  1.0
Armour         | |  1.1
Dodging        | |  2.1
Spellcasting   | |  2.0
Translocations | |  2.4

Action                   |  1- 3 |  4- 6 || total
-------------------------+-------+-------++-------
Melee: Hand axe          |    71 |    73 ||   144
       Peck              |     8 |    10 ||    18
       Kick              |    10 |    16 ||    26
       Punch             |     2 |       ||     2
Throw: Boomerang         |     7 |    16 ||    23
       Javelin           |     3 |     2 ||     5
  Use: Scroll            |     3 |     5 ||     8
       Potion            |       |     6 ||     6
Armor: Leather armour    |     6 |       ||     6
       Ring mail         |    22 |    25 ||    47
       Chain mail        |       |     6 ||     6
Dodge: Dodged            |    40 |    31 ||    71

Table legend:
 A = Non-vault XP
 B = Vault XP
 C = Vault XP percentage of total XP
 D = Non-vault monster count
 E = Vault monster count
 F = Vault count percentage of total count
                 A         B        C        D         E       F
            +---------+---------+-------+---------+---------+-------
      Total |     208 |       5 |   2.3 |      57 |       5 |   8.1
            +---------+---------+-------+---------+---------+-------
        D:1 |      33 |       0 |   0.0 |      19 |       0 |   0.0
        D:2 |      66 |       5 |   7.0 |      15 |       5 |  25.0
        D:3 |     109 |       0 |   0.0 |      23 |       0 |   0.0
            +---------+---------+-------+---------+---------+-------
